Map: Chain of Ascension

Players

monk

  • Race: Terran Terran
  • Spawn Location: 11:00

XxMaximusxX

  • Race: Terran Terran
  • Spawn Location: 11:00

VOD

Have the link to the VOD?

Description

Time

  • Played on: Sept. 30, 2017, 10:38 a.m.
  • Length: 18:10
Show
View Real Time Build Order
Export as new Build Order

monk Terran 

Build Orders:  

Get SALT Encoding   

  12  0:06  SCV  
  13  0:23  SCV  
  13  0:26  Supply Depot  
  5  0:40  SCV  
  15  0:41  Refinery  
  15  0:56  Refinery  
  15  0:59  SCV  
  16  1:16  SCV  
  17  1:33  SCV  
  19  1:50  SCV  
  19  1:54  Factory  
  19  2:07  SCV  
  20  2:24  SCV  
  22  2:40  Supply Depot  
  22  2:41  SCV  
  22  2:54  Factory Tech Reactor  
  22  2:56  Starport  
  22  2:58  SCV  
  23  3:15  SCV  
  24  3:20  Supply Depot  
  25  3:32  SCV  
  25  3:34  Factory Tech Reactor  
  25  3:49  SCV  
  26  3:51  Supply Depot  
  26  3:54  Starport Tech Reactor  
  26  3:57  Hercules  
  26  3:59  Siege Tank x2  
  35  4:05  SCV  
  35  4:06  Maelstrom Rounds  
  37  4:22  SCV  
  37  4:39  SCV  
  38  4:56  SCV  
  39  5:07  Command Center  
  39  5:13  SCV  
  41  5:30  SCV  
  41  5:32  Armory  
  41  5:35  SCV  
  42  5:47  SCV  
  44  5:52  SCV  
  44  5:58  Upgrade Laser Drill Level 1  
  44  6:03  Refinery  
  44  6:04  SCV  
  44  6:07  Refinery  
  45  6:16  Terran Vehicle and Ship Weapons Level 1  
  47  6:22  SCV x2  
  47  6:38  SCV  
  48  6:49  SCV  
  49  6:55  SCV  
  49  6:59  Siege Tank  
  53  7:00  Siege Tank  
  53  7:06  SCV  
  57  7:11  Supply Depot  
  57  7:14  SCV  
  58  7:23  SCV  
  59  7:36  SCV  
  59  7:38  Supply Depot  
  60  7:41  Siege Tank x2  
  60  7:45  SCV  
  68  8:02  SCV  
  68  8:04  Supply Depot  
  68  8:07  Siege Tank  
  68  8:12  Science Vessel x2  
  72  8:26  Factory  
  72  8:36  Siege Tank x2  
  78  8:51  Perdition Turret  
  78  9:03  Terran Vehicle and Ship Weapons Level 2  
  78  9:05  Supply Depot  
  78  9:10  Hercules  
  78  9:11  Science Vessel  
  78  9:14  Improved Nano-Repair  
  83  9:26  Goliath  
  83  9:28  Supply Depot  
  87  9:44  Factory Tech Reactor  
  87  9:49  Upgrade Laser Drill Level 2  
  85  10:13  Goliath  
  85  10:14  Goliath x3  
  93  10:20  Ares-Class Targeting System  
  93  10:24  SCV  
  95  10:41  SCV  
  95  10:45  Goliath x2  
  95  10:46  Goliath  
  101  10:58  SCV  
  102  11:18  Supply Depot  
  102  11:21  Supply Depot  
  102  11:30  Goliath x4  
  110  11:41  Defensive Matrix  
  110  11:45  Science Vessel  
  112  11:51  Supply Depot  
  112  11:52  Supply Depot  
  110  12:16  Goliath x2  
  110  12:17  Goliath x2  
  118  12:21  Supply Depot  
  118  12:46  Multi-Lock Weapons System  
  118  12:48  Goliath x2  
  122  13:01  Goliath  
  122  13:02  Goliath  
  126  13:18  Siege Tank  
  119  13:47  Goliath x4  
  125  14:16  Siege Tank  
  125  14:19  Goliath x4, Supply Depot  
  133  14:51  Goliath x3  
  133  14:59  Goliath  
  137  15:23  Goliath x3  
  143  15:31  Goliath  
  143  15:38  Siege Tank  
  135  15:50  Siege Tank  
  135  15:54  Goliath  
  135  15:55  Goliath x2  
  135  16:36  Siege Tank  
  113  16:55  Goliath  
  113  16:56  Goliath  
  97  17:27  Goliath  
Show
View Real Time Build Order
Export as new Build Order

XxMaximusxX Terran 

Build Orders:  

Get SALT Encoding   

Tags
 
Add a new tag
Caveats
  • Supply blocks, unpowered buildings, or Contaminate may cause inaccurate times.
  • Supply counts are checked every 10 seconds.